 Dungeon Crawl Stone Soup version 0.28-a0-1032-ga8db75c868 (webtiles) character file.

Game seed: 14781542500141181593

58 DrunkBamboolord the Skirmisher (level 3, -2/29 HPs)
             Began as a Demonspawn Abyssal Knight on Dec 7, 2021.
             Was a Believer of Lugonu.
             Slain by Jessica (5 damage)
             ... on level 2 of the Dungeon.
             The game lasted 00:03:27 (1827 turns).

DrunkBamboolord the Skirmisher (DsAK)               Turns: 1827, Time: 00:03:27

Health: -2/29      AC:  9    Str: 15    XL:     3   Next: 76%
Magic:  5/5        EV:  6    Int: 11    God:    Lugonu [**....]
Gold:   59         SH:  4    Dex: 13    Spells: 2/2 levels left

rFire   . . .      SeeInvis .   a - +1 falchion
rCold   . . .      Faith    .   e - +0 buckler
rNeg    . . .      Spirit   .   d - +0 chain mail
rPois   .          Reflect  .   (no helmet)
rElec   .          Harm     .   (no cloak)
rCorr   .          Rampage  .   (no gloves)
Will    .....                   (no boots)
Stlth   ..........              (no amulet)
HPRegen 0.09/turn               (no ring)
MPRegen 0.09/turn               (no ring)

@: flying
A: rugged brown scales 1, demonic magic 1
a: Renounce Religion, Depart the Abyss, Bend Space


You were on level 2 of the Dungeon.
You worshipped Lugonu.
Lugonu was pleased with you.
You visited 1 branch of the dungeon, and saw 2 of its levels.
You visited the Abyss 1 time.

You collected 59 gold pieces.

Inventory:

Hand Weapons
 a - a +1 falchion (weapon)
Armour
 d - a +0 chain mail (worn)
 e - a +0 buckler (worn)
Jewellery
 b - a ring of ice
Wands
 h - a wand of mindburst (13)
Scrolls
 i - a scroll of fog
 k - a scroll of torment
Potions
 c - a potion of attraction


   Skills:
 + Level 3.5 Fighting
 + Level 2.3 Long Blades
 + Level 2.1 Armour
 - Level 0.8 Dodging
 * Level 1.1 Shields
 * Level 3.1 Invocations


You had 2 spell levels left.
You didn't know any spells.
Your spell library was empty.

Dungeon Overview and Level Annotations

Branches:
Dungeon (2/15)

Altars:

Annotations:
D:2 Jessica


Innate Abilities, Weirdness & Mutations

You are partially covered in rugged brown scales. (AC +1, +3% HP)
Spells you cast may paralyse adjacent enemies.


Message History

The adder bites you but does no damage.
You closely miss the adder.
The adder is lightly wounded.
You feel sick. The adder barely misses you.
You barely miss the adder.
The adder is lightly wounded.
You feel sick. You block the adder's attack.
The adder bites you but does no damage.
You hit the adder.
The adder is heavily wounded.
You feel sick.
You are no longer poisoned.
You block the adder's attack. The adder barely misses you.
You slash the adder!
You kill the adder!
Lugonu accepts your kill.
Jessica gestures wildly while chanting.
Jessica seems to speed up.
Jessica casts a spell at you. Pain shoots through your body!
* * * LOW HITPOINT WARNING * * *
You feel better.
It was a potion of flight.
You feel very buoyant.
You fly up into the air.
Jessica hits you with a +0 club.
* * * LOW HITPOINT WARNING * * *
Jessica hits you but does no damage.
You hit Jessica.
Jessica is lightly wounded.
Jessica hits you but does no damage.
You closely miss Jessica.
Jessica is lightly wounded.
Jessica hits you with a +0 club.
* * * LOW HITPOINT WARNING * * *
Jessica hits you with a +0 club.
* * * LOW HITPOINT WARNING * * *
You hit Jessica.
Jessica is severely wounded.
Jessica hits you with a +0 club.
You die...

......... ......### #.....
#.....# #..... ......##
#..... ..# #...#.<. #....#
#####..# .######.####....#
#...#..# ...... ...#.....#
#...#..## ......
........###...#...# #
######
#.......@@.......$#...
######
#.#.....###...).......
.....####..†##..#
#...........
####........##..#
##..........
###>.###.##..####..@.......
#...##.##.....##.........
#.#.##.........##........
#.#.##...†[.>..##.......#
#.#....(................#


You could see Jessica (fast).

Vanquished Creatures
  2 adders (D:2)
  2 dart slugs (D:2)
  2 ball pythons
  3 bats
  3 endoplasms
  2 giant cockroaches
  5 hobgoblins (D:1)
  A kobold (D:1)
  3 quokkas
  3 frilled lizards (D:1)
  3 goblins
  3 rats
32 creatures vanquished.

Notes
Turn   | Place    | Note
-------+----------+-------------------------------------------
     0 | Abyss:1  | DrunkBamboolord the Demonspawn Abyssal Knight began the
                  | quest for the Orb.
     0 | Abyss:1  | Reached XP level 1. HP: 18/18 MP: 2/2
    67 | Abyss:1  | Noticed an orange demon
    75 | D:1      | Escaped the Abyss
   306 | D:1      | Gained mutation: You are partially covered in rugged brown
                  | scales. (AC +1, +3% HP) [demonic ancestry]
   306 | D:1      | Reached XP level 2. HP: 11/24 MP: 3/3
   831 | D:1      | Reached ** piety under Lugonu
  1309 | D:2      | Gained mutation: Spells you cast may paralyse adjacent
                  | enemies. [demonic ancestry]
  1309 | D:2      | Reached XP level 3. HP: 22/29 MP: 5/5
  1441 | D:2      | Reached skill level 1 in Shields
  1799 | D:2      | Noticed Jessica
  1827 | D:2      | Slain by Jessica

Illustrated notes

Levels and vault maps discovered:
D:1:      mushboom_english_gardens, layout_basic, st_stairs_13
D:2:      layout_rooms, uniq_crazy_yiuf_cottage, uniq_jessica

Skill      XL: |  1  2  3 |
---------------+----------+-----
Long Blades    | 2 |  2.3
Armour         | 2 |  2.1
Shields        | 1 |  1.1
Invocations    | 3 |  3.1
Fighting       | |  3.5
Dodging        | |  0.8

Action                   || total
-------------------------++-------
Melee: Falchion          ||   120
  Use: Scroll            ||     4
       Potion            ||     2
Armor: Leather armour    ||    33
       Chain mail        ||    17
Dodge: Dodged            ||    82
Block: Buckler           ||    30

Table legend: (Time is in decaauts)
 A = Elapsed time spent in this place.
 B = Non-inter-level travel time spent in this place.
 C = Inter-level travel time spent in this place.
 D = Time resting spent in this place.
 E = Time spent auto-exploring this place.
 F = Levels seen in this place.
 G = Mean time per level.
                   A        B        C        D        E       F      G
               +--------+--------+--------+--------+--------+-----+--------+
         Total |   1858 |   1819 |     39 |      0 |   1395 |   3 |  619.3 |
       Dungeon |   1783 |   1744 |     39 |      0 |   1395 |   2 |  891.5 |
         Abyss |     75 |     75 |      0 |      0 |      0 |   1 |   75.0 |
               +--------+--------+--------+--------+--------+-----+--------+

Top non-repeatable levels by time:
     D:1: 1095 daAuts
     D:2: 688 daAuts
 Abyss:1: 75 daAuts
